Workbook

Sheet 表紙
B2: 【独立生計区分】 | G2: 受験番号 | K2: （←大学院新入生）
G3: 学籍番号
G4: 氏 名
G5: メールアドレス
A7: 授業料免除申請 提出書類チェックシート
F9: ※全ページを、左上をホチキスで綴じて、申請書と併せて提出してください
H10: （申請者控えとしてコピーを取ってから提出してください）
A12: このチェックシートは、【独立生計区分】用です。各自の申請区分は申請のしおりP.5で確認してください。
A13: 授業料免除の基準日は前期分については4月1日、後期分は10月1日ですので、申請書及びその他様式には基準日における世帯の経済状況を記載してください。
A16: 家計支持者・世帯員について
A17: 授業料免除申請では、家計支持者・世帯員の構成について以下のように考えます。
C36: 本人 | D36: 配偶者 | E36: 就学者又は 未就学児である子 | G36: 父・母 | I36: 祖父母・兄弟姉妹 | K36: その他
B37: 世帯員に 該当 | C37: 〇 | D37: 〇 | E37: 〇 | G37: ✕ | I37: ✕ | K37: ✕

Sheet ページ1
A1: 全員提出書類
A2: 以下の①～⑧は全員必ず提出してください。
A3: No. | B3: 提出書類 | C3: 留意事項
A4: ① | B4: 授業料免除（徴収猶予）申請書 | C4: ・A4片面で印刷してください。申請書は2ページあります。(両面コピー不可) ・記入は、消えないボールペン等で記入してください（鉛筆不可）。 パソコンでの印字・入力等でも構いません。
A5: ② | B5: 課税(非課税)証明書 (申請者本人及び配偶者) ※コピー不可。原本が必要 ※住民税(課税)決定通知書、特別徴収税額の決定・変更通知書 等は不可。 ※源泉徴収票や確定申告書控（写）の提出が必要となる場合も、それらとは別で、この「課税(非課税)証明書」の提出が必要です。 | C5: ・必ず所得金額が分かるものを各市区町村の役所で発行してください。 ・自治体によっては課税(非課税)証明書に所得の記載がない場合があります。 その場合は課税(非課税)証明書と併せて所得証明書も提出してください。 ・就労の有無にかかわらず、前期は4月1日、後期は10月1日時点で配偶者がいる方はその方の証明書も必要です。 ・前期申請時：2025年1月以降に発行されたもの （前期分申請時は [2023年（令和5年）の収入・所得内容] の記載があるものが、最新です） ・後期申請時：2025年7月以降に発行されたもの （後期分申請時は [2024年（令和6年）の収入・所得内容] の記載があるものが、最新です）
A6: ③ | B6: 住民票 （父母等の住所と同じでないこと） | C6: 申請者本人及び申請者と同居する方の住民票(世帯全員分の記載があること）を提出 ・父母等と別居しているが住民票を異動させていない場合は、申請者が居住者となっている賃貸契約書（写）又は固定資産税納付書など持ち家の維持費用の負担を確認できる書類。
A7: ④ | B7: 申請者本人の健康保険証（写） | C7: 本人又は配偶者が健康保険等の被保険者であること なお、国民健康保険の場合は世帯主であること また、住所は住民票と同一であること。 マイナポータルでダウンロードした保険資格情報を提出する場合は、有効期限の記載がないため、基準日（前期4/1、後期10/1）以降に印刷したものをなるべく早く提出してください。
A8: ⑤ | B8: 所得税法上、父母等の扶養から外れていること 及び 父母等と申請者の住居が別であることを確認できるもの | C8: 父母等の源泉徴収票 又は 父母等の確定申告書の写し 等 （確定申告書（写）は税務署の受領印（電子申告の場合は受付日時）が確認できるものに限ります。） 控除対象の扶養親族として申請者が記載されている場合は、追加で以下の書類を提出してください。 ・「扶養控除（異動）申告書」等、扶養親族から外す手続きをしたことを確認できる書類。
A9: ⑥ | B9: 【様式３】奨学金受給状況申立書 | C9: ・受給の有無にかかわらず申請者全員提出してください。 ※配偶者が学生の場合は2名分必要です。 ・2024年度及び2025年度における奨学金の受給の有無を記入してください。 ・奨学金を受給していた場合は、奨学生証又は受給決定通知書の写しを必ず添付してください。 ※様式3の注意事項をよく確認してください。
A10: ⑦ | B10: 【様式４】世帯収入状況申立書 | C10: 就業の有無にかかわらず全員提出してください。 様式４のうち、①家計支持者の所得 欄は、記入不要です。
A11: ⑧ | B11: 【様式10】独立生計者申立書 | C11: 収入総額が支出総額に等しくなるよう、各項目の金額を記入ください。 前期は4月、後期は10月時点で受給していない奨学金やアルバイトを収入として記入することはできません。
A13: 確認事項
A14: ☑ | B14: 提出書類
B15: 学籍番号のメールアドレス（新入生は申請時に登録した連絡先メールアドレスも含む）は必ず受信できるようにした。 うりぼーネットに登録のメールアドレス・携帯電話等の電話番号は、必ずつながる最新のものとした（とする）。 （入学時に連絡先として登録。その後変更がある場合は速やかに所属学部の教務学生係に届出ること）
B16: 学生支援課奨学支援グループ（免除担当）からの連絡（078-803-5431）に、迅速に 応答（又は折り返しの連絡をとること）ができる。

Sheet ページ2 
A1: 世帯資産額の確認
A2: 全員必ず記入してください。
A3: ★ | B3: 世帯資産額 | C3: 家計支持者等、世帯員の資産額を必ず記入してください。世帯資産額の合計が2000万円以上（家計支持者が一人の場合は1250万円以上）の場合は申請できません。 なお、本欄が未記入の場合は、資産額の合計が2000万円以上（家計支持者が一人の場合は1250万円以上）として記入があるものとみなし、申請対象外となります。
G4: 本人 | I4: 配偶者
H5: 万円 | J5: 万円
A8: ※資産として計上するものは次のとおり 現金やこれに準ずるもの、普通預金や定期預金等の預貯金、仮想通貨、電子マネー。 投資用資産として保有する金・銀等、株式・国債・社債等の有価証券。 財形貯蓄や、満期・解約等により生じた満期保険金や解約返戻金等。 一方、土地・家屋等の不動産、指輪・ネックレス等の宝石類、貯蓄型の生命保険や学資保険等は資産に含みません。 ※会社倒産や破産等で資産が全くない場合にも、０（ゼロ）を記入するなど、未記入とせず、必ず記入してください。 ※なお、資産に関する証票類（通帳のコピー等）の提出は原則不要です。 ただし、場合によって証票類の提出を求めることがあります。 特に近年多額の退職金や保険金等を受領した場合等は、これを適切に資産に計上していることを確認してください。

Sheet ページ3
A1: 家計支持者（申請者本人、配偶者（夫又は妻））について提出する書類
A2: 以下の質問事項について、はい・いいえのいずれかを選択して下さい。
A3: 「はい」を選択した場合は必要書類を提出して下さい。
A4: 【給与・給与以外の所得について】
A5: No. | B5: 質問 | C5: ☑ | D5: ☑ | E5: 「はい」を選択した場合の必要書類
A6: (1) | B6: 家計支持者（※）は給与所得者ですか？ | D6: □はい □いいえ | E6: 以下の（2）、（3）のいずれか該当する書類を提出してください。
A7: (2) | B7: 家計支持者は2024年1月1日以前から現在の勤務先で働いていますか？ | D7: □はい □いいえ | E7: 〇 給与所得者の源泉徴収票添付用紙（様式15） 〇 2024年（令和6年）源泉徴収票（写） 必ず！ 様式15に各勤務先の源泉徴収票を添付。 ※申請に関するＱ＆ＡのQ16も確認のこと。
A8: (3) | B8: 家計支持者は現在の勤務先に 2024年1月2日以降に就職しましたか？ | D8: □はい □いいえ | E8: ○ 給与支払見込証明書（様式2） ※2024年1月以降に退職歴がある方は（7）～（9）の該当する書類も必要です。
A9: (4) | B9: 家計支持者は給与以外の所得がありますか？ ・営業・農業・不動産・利子・配当 等 | D9: □はい □いいえ | E9: 以下の（5）、（6）のいずれか該当する書類を提出してください。
A10: (5) | B10: 家計支持者は 2024年1月1日以前から給与以外の所得がありますか？ 【 注 意 】 〇 確定申告書控（写）の提出にあたっては、 第一表だけでなく、必ず、第二表も併せて提出。 第三表、所得の内訳書、計算明細書などを税務署に提出している場合は、この控（写）も併せて提出。 〇 記入・提出・添付等要領を守らない場合、家計審査で申請者の不利益となることがあります。 | E10: ○ 2024年（令和6年）確定申告書控（写） ＜第一表、第二表、第三表、所得の内訳書 等＞ ・収受日付の確認ができるもの（収受日付や税務署名が記載されたリーフレット、電子申告の場合は、e-taxにログインし、受付結果（受信通知）も印刷して提出してください。) 添付できない場合は、 確定申告書についての申立書（様式16）の提出が必要です。 ・前期の申請時時点で、当該年の申告がまだ完了しておらず提出できない場合は、不足書類として別途指示する日（４月上旬）までに改めて提出していただきます。 ・第二表の「所得の内訳」が空欄又は別紙参照等の記載がある場合等で、「所得の内訳書」や「計算明細書」等を税務署に提出している場合は、これも併せて提出してください。 ・申告分離課税で申告を行った場合等で、第三表を税務署に提出している場合は、これも併せて提出してください。 ・保険外交員や大工・左官業等で給与のうち一部の報酬が業務委託形式等となり、営業所得等として確定申告を行った場合も、申告した際の上記同様の書類を提出してください。 ○ 確定申告をしない場合は、市区町村に申請する「市民税・県民税申告書等」の、収入金額・必要経費・所得金額等が記載してある書類（写）を提出してください。（申請自治体の受付印があるもの） ※給与収入・年金等がある場合は、別途該当する必要書類も併せて提出して下さい。
D11: □はい □いいえ
A12: (6) | B12: 家計支持者は2024年1月2日以降に起業・開業しましたか？ | D12: □はい □いいえ | E12: ○ 自営業開業に係る所得申立書（様式13） ※給与収入・年金等がある場合は別途該当する必要書類も併せて提出して下さい。

Sheet ページ4
A1: 【その他の所得等について】
A2: No. | B2: 質問 | C2: ☑ | D2: ☑ | E2: 「はい」を選択した場合の必要書類
A3: (7) | B3: 家計支持者は2024年1月以降に退職をしましたか？ | D3: □はい □いいえ | E3: ○ 退職に関する申立書（様式9）
A4: (8) | B4: 家計支持者は退職をした際、退職金を受給しましたか？ | D4: □はい □いいえ | E4: ○ 退職金支払通知書（写） ・前期：2024年10月～2025年3月 ・後期：2025年4月～2025年9月 の期間に退職金を受給された方は、退職日、退職金の金額・入金日が分かる書類を提出してください。
A5: (9) | B5: 家計支持者は雇用保険(失業手当金)を受給していますか？ （受給予定を含む） | D5: □はい □いいえ | E5: ○ 雇用保険受給資格者証の写し（第1面～第4面まで）
A6: (10) | B6: 家計支持者等は年金を受給していますか？ （遺族年金・障害年金・個人年金等を含む） | D6: □はい □いいえ | E6: ○ 年金関係書類添付用紙（様式12） ○ 年金の受給額が分かる通知書等（写）※源泉徴収票不可 （最新の年金改定通知書、その他の年金証書、年金支払通知等） ※世帯員に該当する者が各種年金を受けている場合も同様の書類を提出してください。
A7: (11) | B7: 家計支持者は傷病手当金を受給していますか？ | D7: □はい □いいえ | E7: ○ 支払決定通知等金額がわかるもの（写） 6ヶ月分必要（6ヶ月に満たない場合は受給期間分）
A8: (12) | B8: 家計支持者は現在休職をしていますか？ | D8: □はい □いいえ | E8: ○ 休職証明書 ※休職期間・期間中の給与支払状況を明記したもの
A9: (13) | B9: 家計支持者にその他臨時所得がありますか？ | D9: □はい □いいえ | E9: ○ 臨時所得金額を証明する書類 （例：保険金支払通知書） ・前期：2024年10月～2025年3月 ・後期：2025年4月～2025年9月 の期間に受け取った臨時所得に関して提出が必要です。
A10: (14) | B10: 家計支持者は無職・無収入ですか？ | D10: □はい □いいえ | E10: ○ 無職（無収入）の申立書（様式1） ※就学者及び被扶養者である配偶者と証明できる方は除きます。 ※被扶養者である配偶者で無職・無収入の方は、申請書の該当欄（給与収入①）に専業主婦（夫）と記入(申請書の記入例を参照）

Sheet ページ5
A1: その他の提出書類
A2: 以下の質問事項について、はい・いいえのいずれかを選択して下さい。
A3: 「はい」を選択した場合は必要書類を提出して下さい。
A4: No. | B4: 質問 | C4: ☑ | D4: ☑ | E4: 「はい」を選択した場合の必要書類
A5: (15) | B5: 世帯員に高校生以上の就学者はいますか？ | D5: □はい □いいえ | E5: ○ 在学状況証明書類添付用紙（様式6）に各学校で発行の学生証（写）又は在学証明書を添付したもの ・高等学校・高等専門学校・専修学校（専門課程・高等課程）・公立大学・私立大学 など ※専修学校（一般課程）、職業訓練校など各種学校は除く。 ※様式6に記載されている注意事項をよく確認して提出してください。
A6: (16) | B6: 世帯員に20歳未満で心身に障害 のある子はいますか？ | D6: □はい □いいえ | E6: ○ 障害者手帳又は療育手帳（写） ○ 障害者年金の通知（写）(該当者)など
A7: (17) | B7: 申請者本人又は配偶者は 日本学術振興会(※1)、又は JST科学技術振興機構(※2、※３)の採用者ですか？ (現在申請中ですか？) ※1日本学術振興会特別研究員 ※2次世代研究者挑戦的研究プログラム(SPRING)事業の「異分野共創による次世代卓越博士人材育成プロジェクト」 ※3国家戦略分野の若手研究者及び博士後期課程学生の育成事業（BOOST） 「次世代ＡＩ人材育成プログラム（博士後期課程学生支援）」 | D7: □はい □いいえ | E7: ○採用決定（内定）通知 ※1において、研究遂行経費分の減額を申請されている方は別途申請された書類を提出してください。 （WEB申請の場合はその画面を出力） ※1～３は「定職」としての取り扱いとなります。申請書、及び様式4、様式10に所得を記入してください。源泉徴収票や様式２（給与支払見込証明書）の提出は不要です。採用決定（内定）通知をもってこれに代えます。採用期間、支給金額の記載のあるものを提出してください。
A8: (18) | B8: 申請者本人が留学・病気による休学等で在籍期間が修業年限を超えていますか？ ※ 在籍期間とは、入学してからの期間です。（休学を含みます。） | D8: □はい □いいえ | E8: ○ 修業年限を超えて在学している理由書（別紙1） ※修業年限超過での申請には「特別な理由」に該当していること等が必要です。同理由書（別紙１）の２ページ目にある【注意事項】を確認してください。
A10: その他、世帯に関する書類
A11: 以下の質問事項について、はい・いいえのいずれかを選択して下さい。
A12: 「はい」を選択した場合は必要書類を提出して下さい。
A13: No. | B13: 質問 | C13: ☑ | E13: 「はい」を選択した場合の必要書類
A14: (19) | B14: 母子・父子世帯ですか？ | D14: □はい □いいえ | E14: ○ 母子・父子世帯申立書（様式5） ○ 遺族年金の通知（写）（該当者のみ） ○ 戸籍謄本（該当者のみ） ※様式5に記載のある項目のうち、いずれかに該当すること。 ※養育費、援助等がある場合は申請書の⑤収入状況欄に記入してください。
A15: (20) | B15: 世帯員に障害のある方がいますか？ | D15: □はい □いいえ | E15: ○ 障害者手帳又は療育手帳（写） ・障害者年金の通知（写）(該当者) ・被爆者健康手帳（写）（該当者） など
A16: (21) | B16: 世帯員に要介護認定を受けられている方がいますか？ （要介護3以上の方に限ります） | D16: □はい □いいえ | E16: ○ 介護保険被保険者証（写）等 ※介護施設等を利用している方は長期療養者として、収入から介護に係る費用を控除することもできます。その場合、長期療養費支出状況証明書等（様式7-1～7-3）の該当するものを提出してください。

Sheet ページ6
A1: No. | B1: 質問 | C1: ☑ | D1: ☑ | E1: 「はい」を選択した場合の必要書類
A2: (22) | B2: 世帯員に長期療養者がいますか？ （定められた6ヶ月間の領収書の合計が 5万円を超え、かつ、6ヶ月以上の療養をしている方又は必要とされる方に限ります。） | D2: □はい □いいえ | E2: ○ 長期療養費支出状況証明書（様式7-1） ※申請前3ヶ月以内に証明を受けたもの。 ※診療機関で様式7-1の証明が受けられない場合は以下のものも提出してください。 ○ 長期療養費領収書添付台紙（様式7-2） ○ 診断書 （6ヶ月以上の療養が必要であることが明記されている申請前3ヶ月以内に発行されたもの。控除を申請する病院ごとに必要） ○ 該当する6ヶ月間の領収書（写） ○ 保険等の支払を受けている場合は長期療養費補てん費用添付台紙（様式7-3）及び その証明書も提出してください
A3: (23) | B3: あなたの世帯は火災・地震・風水害等の被害を受けましたか？ （前期分申請時・後期分申請時におけるそれぞれの右記該当期間内に修繕を行ったものが控除の対象です。） （激甚災害として認められた災害以外は申請前1年以内に起こった災害等に限ります。） | D3: □はい □いいえ | E3: ○ 罹災証明証 ○ 被害状況報告書（様式１４） ○ 該当期間分の領収書、見積書等 ※激甚災害として認められた災害も控除対象となりますが、下記該当期間内に修繕等を行ったもののみ控除されます。 前期分申請時 該当期間：2024年10月～2025年3月 後期分申請時 該当期間：2025年4月～2025年9月 ※後期申請では、継続申請ができません。必ず新規申請をしてください。
A4: (24) | B4: 前回申請時から、世帯人数に変更がありましたか？ | D4: □はい □いいえ | E4: ○ 申請書の家庭事情欄に詳細を記入してください。 ※世帯員の死亡による場合は、死亡診断書等 死亡年月のわかるものも提出してください。

Sheet ページ7
A1: 提出書類一覧表【独立生計区分】
C2: 受験番号 | D2: =表紙!H2 -> 0
C3: 学籍番号 | D3: =表紙!H3 -> 0
C4: 氏 名 | D4: =表紙!H4 -> 0
C5: メールアドレス | D5: =表紙!H5 -> 0
C7: 提出書類 | D7: 備考
A8: 全員提出 | C8: 授業料免除（徴収猶予）申請書 | D8: ※申請書とチェックシートの一方でもない場合は申請できません。
C9: 独立生計区分チェックシート
C10: 課税（非課税）証明書 | D10: 家計支持者全員分
C11: 住民票（原本） | D11: 申請者本人及び申請者と同居する方の分
C12: 健康保険証（写） | D12: 本人又は配偶者が健康保険等の被保険者であること なお、国民健康保険の場合は世帯主であること
C13: 父母等の扶養から外れていることが確認できるもの | D13: 源泉徴収票 又は 確定申告書の写し 等
C14: 【様式３】奨学金受給状況申立書
C15: 【様式４】世帯収入状況申立書
C16: 【様式10】独立生計者申立書
A18: ☑が付いている書類を提出してください。
A19: 「はい」を選択した項目No.に☑チェックを入れ、必要書類を提出してください。
A20: ☑ | B20: No. | C20: 提出書類 | D20: 備考
C21: 進学資金シミュレーター
A22: =IF(ページ3!F7=1,"✔","") | B22: (2) | C22: 【様式15】給与所得者の源泉徴収票添付用紙 | D22: 源泉徴収票を添付
A23: =IF(ページ3!F8=1,"✔","") | B23: (3) | C23: 【様式２】給与支払 (見込) 証明書
A24: =IF(ページ3!F11=1,"✔","") | B24: (5) | C24: 2024（令和6）年確定申告書（写） | D24: 受領印のないものは無効
A25: =IF(ページ3!F12=1,"✔","") | B25: (6) | C25: 【様式13】自営業開業に係る所得申立書
A26: =IF(ページ4!F3=1,"✔","") | B26: (7) | C26: 【様式９】退職に関する申立書
A27: =IF(ページ4!F4=1,"✔","") | B27: (8) | C27: 退職金支払通知書（写）
A28: =IF(ページ4!F5=1,"✔","") | B28: (9) | C28: 雇用保険受給資格者証の写し
A29: =IF(ページ4!F6=1,"✔","") | B29: (10) | C29: 【様式12】年金関係書類添付用紙 | D29: 年金の受給額が分かる通知書等を添付 ※源泉徴収票不可
A30: =IF(ページ4!F7=1,"✔","") | B30: (11) | C30: 傷病手当金の受給額が分かる通知書等（写）
A31: =IF(ページ4!F8=1,"✔","") | B31: (12) | C31: 休職証明書
A32: =IF(ページ4!F9=1,"✔","") | B32: (13) | C32: 臨時所得金額を証明する書類
A33: =IF(ページ4!F10=1,"✔","") | B33: (14) | C33: 【様式１】無職 (無収入) の申立書
A34: =IF(ページ5!F5=1,"✔","") | B34: (15) | C34: 【様式６】在学状況証明書類添付用紙 | D34: 学生証（写）又は在学証明書を添付
A35: {=IFERROR(_xlfn.IFS(ページ5!F6=1,"✔",ページ5!F15=1,"✔"),"")} | B35: (16) (20) | C35: 障害者手帳又は療育手帳（写） | D35: 障害者年金の通知や被爆者健康手帳 など
A36: =IF(ページ5!F7=1,"✔","") | B36: (17) | C36: 日本学術振興会 又は JST科学技術振興機構採用決定（内定）通知書 | D36: 採用期間、支給金額記載のもの
A37: =IF(ページ5!F8=1,"✔","") | B37: (18) | C37: 修業年限を超えて在学している理由書
A38: =IF(ページ5!F14=1,"✔","") | B38: (19) | C38: 【様式５】母子・父子世帯申立書 | D38: 遺族年金の通知（写）を添付（該当者のみ） 戸籍謄本を添付（該当者のみ）
A39: =IF(ページ5!F16=1,"✔","") | B39: (21) | C39: 介護保険被保険者証（写）等
A40: =IF(ページ6!F2=1,"✔","") | B40: (22) | C40: 【様式７】長期療養費に係る支出状況証明書 | D40: 診療機関で様式7-1の証明が受けられない場合は以下のものも提出してください。 ○ 長期療養費領収書添付台紙（様式7-2） ○ 診断書 （6ヶ月以上の療養が必要であることが明記されている申請前3ヶ月以内に発行されたもの。控除を申請する病院ごとに必要） ○ 該当する6ヶ月間の領収書（写） ○ 保険等の支払を受けている場合は長期療養費補てん費用添付台紙（様式7-3）及び その証明書も提出してください。
A41: =IF(ページ6!F3=1,"✔","") | B41: (23) | C41: 【様式14】被害状況報告書 | D41: 〇罹災証明証 〇該当期間分の領収書、見積書等 を添付
